 Dungeon Crawl Stone Soup version 0.27.1-16-g815e20cd7a (webtiles) character file.

Game seed: 6859179940018702718

1 Descartes the Grasshopper (level 1, -2/9 HPs)
             Began as a Felid Warper on Nov 22, 2021.
             Frozen to death by an endoplasm (4 damage)
             ... on level 1 of the Dungeon.
             The game lasted 00:00:37 (18 turns).

Descartes the Grasshopper (Felid Warper)              Turns: 18, Time: 00:00:37

Health: -2/9       AC:  1    Str:  7    XL:     1   Next: 16%
Magic:  4/4        EV: 17    Int: 14    God:
Gold:   0          SH:  0    Dex: 15    Spells: 4/4 levels left
                                        Lives:  0   Deaths: 0

rFire    . . .     SeeInvis +     - Unarmed
rCold    . . .     Faith    .   (shield unavailable)
rNeg     . . .     Spirit   .   (armour unavailable)
rPois    .         Reflect  .   (helmet unavailable)
rElec    .         Harm     .   (cloak unavailable)
rCorr    .         Rampage  .   (gloves unavailable)
Will     .....                  (boots unavailable)
Stlth    +.........             (no amulet)
HPRegen  0.03/turn              (no ring)
MPRegen  0.09/turn              (no ring)

@: quick
A: very small, claws 1, fangs 3, see invisible, speed 1, shaggy fur 1, stealthy
paws, no weapons or thrown items, no armour, multi-lived
a: no special abilities


You were on level 1 of the Dungeon.
You visited 1 branch of the dungeon, and saw 1 of its levels.

Inventory:

Scrolls
 a - a scroll of blinking


   Skills:
 - Level 2.0 Fighting
 + Level 3.2 Dodging
 + Level 2.0 Unarmed Combat
 - Level 2.0 Spellcasting
 + Level 4.4 Translocations


You had 4 spell levels left.
You didn't know any spells.
Your spell library contained the following spells:

 Spells                   Type           Power      Damage    Failure   Level
 Blink                    Tloc           N/A        N/A       6%          2
 Gell's Gravitas          Tloc           6%         N/A       12%         3
 Lesser Beckoning         Tloc           6%         N/A       12%         3
 Teleport Other           Tloc           13%        N/A       12%         3
 Manifold Assault         Tloc           13%        N/A       71%         5


Dungeon Overview and Level Annotations

Branches:
Dungeon (1/15)

Altars:


Innate Abilities, Weirdness & Mutations

You have sharp claws.
You have razor-sharp teeth.
You have supernaturally acute eyesight. (SInv)
You cover ground quickly. (Speed+)
You are covered in fur. (AC +1)
Your paws help you pounce on unaware monsters.
You are incapable of wielding weapons or throwing items.
You cannot wear armour.
You gain extra lives every three experience levels.


Message History

You closely miss the goblin. Your bite misses the goblin.
The goblin is severely wounded.
The goblin barely misses you.
You scratch the goblin.
The goblin is almost dead.
The goblin misses you.
You scratch the goblin.
You kill the goblin!
You barely miss the ball python. The ball python bites you.
The ball python barely misses you. The ball python bites you.
The ball python barely misses you.
You are too injured to fight recklessly!
You are too injured to fight recklessly!
You are too injured to fight recklessly!
You are too injured to fight recklessly!
You are too injured to fight recklessly!
You are too injured to fight recklessly!
You are too injured to fight recklessly!
You are too injured to fight recklessly!
You are too injured to fight recklessly!
You are too injured to fight recklessly!
You are too injured to fight recklessly!
You are too injured to fight recklessly!
You are too injured to fight recklessly!
You are too injured to fight recklessly!
You are too injured to fight recklessly!
You are too injured to fight recklessly!
You are too injured to fight recklessly!
You are too injured to fight recklessly!
The ball python closely misses you. The ball python completely misses you.
You barely miss the ball python. The ball python misses you.
The ball python completely misses you.
The ball python bites you but does no damage.
The ball python grabs you. The ball python constricts you.
* * * LOW HITPOINT WARNING * * *
You scratch the ball python.
You kill the ball python!
The endoplasm freezes you.
You are frozen.
You die...

#.#........##
#....⌠......# ..
###.........# ..
......><.∩..# .. #
##..........# .###.#
##..⌠......# .#...
#........####...
##..........#)#.##..
####......@†.......
#.......J......#
###.....#.###.##
#......## #.##.#.#
#. #.#.# #. #.##.
#.. ..


You could see an endoplasm.

Vanquished Creatures
  A ball python (D:1)
  A goblin (D:1)
2 creatures vanquished.

Notes
Turn   | Place    | Note
-------+----------+-------------------------------------------
     0 | D:1      | Descartes the Felid Warper began the quest for the Orb.
     0 | D:1      | Reached XP level 1. HP: 9/9 MP: 4/4
    18 | D:1      | Frozen to death by an endoplasm

Illustrated notes

Levels and vault maps discovered:
D:1:      wander_arrival_desolate, layout_loops_cross,
          shapermc_ecumenical_altar_mp_highgroup

Action                   || total
-------------------------++-------
Melee: Unarmed           ||     9
Armor: Skin              ||     1
Dodge: Dodged            ||    10
